 Dungeon Sprint DCSS version 0.20.1-1-g8b1a95d (webtiles) character file.

12100000 JustSomeDude the Axe Maniac (level 27, -10/249 HPs)
             Began as a Demonspawn Gladiator on Aug 30, 2017.
             Was the Champion of Makhleb.
             Killed from afar by a scourge (24 damage)
             ... with a bolt of poison
             ... in the Dungeon (Sprint VIII: "Arena of Blood").
             The game lasted 00:12:30 (121 turns).

JustSomeDude the Axe Maniac (Demonspawn Gladiator)   Turns: 121, Time: 00:12:33

Health: -10/249    AC:  6    Str: 22    XL:     27
Magic:  54/54      EV: 46    Int:  9    God:    Makhleb [******]
Gold:   0          SH:  0    Dex: 37    Spells: 80/80 levels left

rFire    . . .     SeeInvis +   l - +∞ Axe of Woe
rCold    + . .     Gourm    .   (shield currently unavailable)
rNeg     . . .     Faith    .   b - +0 leather armour
rPois    .         Spirit   .   (helmet unavailable)
rElec    .         Reflect  .   (no cloak)
rCorr    .         Harm     .   (no gloves)
MR       ++...     NoTele   +   (no boots)
Stlth    ++++++++++             (no amulet)
Regen    0.6/turn               (no ring)
MPRegen  0.4/turn               (no ring)

@: mighty, agile, lethally poisoned (-10 -> -27), very slightly contaminated,
hasted, very quick
A: antennae 3, thin skeletal structure 3, cold resistance 1, passive freeze,
powered by pain 3, spiny 3, freezing cloud immunity
a: Minor Destruction, Lesser Servant of Makhleb, Major Destruction, Greater
Servant of Makhleb, Renounce Religion


You were in the Dungeon.
You worshipped Makhleb.
Makhleb was exalted by your worship.
You were not hungry.

You visited 1 branch

Inventory:

Hand Weapons
 a - a +0 war axe
 l - the +∞ Axe of Woe (weapon)
   (You found it in the Dungeon)
Missiles
 d - 3 throwing nets (quivered)
Armour
 b - a +0 leather armour (worn)
 c - a +0 helmet
Potions
 e - a potion of curing
 i - 2 potions of magic
 j - a potion of berserk rage
Comestibles
 f - a bread ration


   Skills:
 O Level 27 Fighting
 O Level 27 Axes
 O Level 27 Throwing
 O Level 27 Armour
 O Level 27 Dodging
 O Level 27 Stealth
 O Level 27 Unarmed Combat
 O Level 27 Spellcasting
 O Level 27 Invocations


You had 80 spell levels left.
You didn't know any spells.

Dungeon Overview and Level Annotations

Branches:
Dungeon (1/1)

Altars:
Makhleb


Innate Abilities, Weirdness & Mutations

You have a pair of large antennae on your head. (SInv)
You have an unnaturally thin skeletal structure. (Dex +6, Stealth++)
Your flesh is cold resistant. (rC+)
A frigid envelope surrounds you and freezes all who hurt you.
You are powered by pain.
You are completely covered in sharp spines.
You are immune to freezing clouds.


Message History

The tyrant gestures wildly while chanting.
The tyrant seems to speed up.
You hear a shout!
Your Executioner hits the tyrant!
Your Executioner hits the tyrant but does no damage.
Your Executioner hits the tyrant. You slice the large abomination!!
You pulverise the large abomination into a thin bloody mist.
You destroy the large abomination!
You hear a shout!
Your Executioner misses the tyrant.
Your Executioner hits the tyrant but does no damage.
Your Executioner hits the tyrant!
You hear a shout! x3
The fleshlord appears out of thin air!
A fleshlord comes into view. It is wielding a +9 great mace.
The scourge throws poison at you. The bolt of poison hits you!
You are lethally poisoned!
You die...

..L.X.# ........ #.....
###...#........
#.....###......#.......
#....#....X...§§.......
#........#D..)§§.......
#......X..#W.)§)...#...
#.....S.S1.X.#)))..#...
#........L#..))))###...
#@)X..X.)))))).))#
##......)#)....)..
#o....#.......#{%
.###........%%#_. .#
.{..#p......#.O .#
......%#........ .. {.
.............# .. {
.........###... .. #...


You could see a tyrant, an eight-headed meat hydra, 2 scourges, a fleshlord, 5
large abominations, a wretched soul (invisible), a bag of meat and a friendly
Executioner.

Vanquished Creatures
  7 hell beasts (D)
  6 greater mummies (D)
  4 great orbs of eyes (D)
  3 wraiths (D)
  15 vampire knights (D)
  31 ogres (D)
  8 two-headed ogres (D)
  5 liches (D)
  2 hydras (D)
  104 orcs (D)
  5 phantoms (D)
  6 skeletal warriors (D)
  10 large abominations (D)
  5 small abominations (D)
  14 crawling corpses (D)
225 creatures vanquished.

Vanquished Creatures (others)
  6 crawling corpses (D)
6 creatures vanquished.

Grand Total: 231 creatures vanquished

Notes
Turn   | Place    | Note
-------+----------+-------------------------------------------
     0 | D        | JustSomeDude the Demonspawn Gladiator began the quest for the Orb.
     0 | D        | Reached XP level 1. HP: 16/16 MP: 1/1
     4 | D        | Noticed a bag of meat
     4 | D        | Became a worshipper of Makhleb the Destroyer
     5 | D        | Noticed a bag of meat
     5 | D        | Noticed a bag of meat
     6 | D        | Noticed a bag of meat
     6 | D        | Noticed a bag of meat
     6 | D        | Noticed a bag of meat
     6 | D        | Noticed a bag of meat
     6 | D        | Noticed a bag of meat
     6 | D        | Noticed a bag of meat
     6 | D        | Noticed a bag of meat
     7 | D        | Noticed a bag of meat
     7 | D        | Killed a bag of meat
     7 | D        | Reached skill level 10 in Fighting
     7 | D        | Gained mutation: You sometimes gain a little power by taking damage. [demonic ancestry]
     7 | D        | Reached XP level 2. HP: 36/36 MP: 2/2
     7 | D        | Gained mutation: You sometimes gain power by taking damage. [demonic ancestry]
     7 | D        | Reached XP level 3. HP: 42/42 MP: 3/3
     7 | D        | Reached XP level 4. HP: 48/48 MP: 4/4
     7 | D        | Gained mutation: You have a somewhat thin skeletal structure. (Dex +2, Stealth) [demonic ancestry]
     7 | D        | Reached XP level 5. HP: 54/54 MP: 5/5
     7 | D        | Reached XP level 6. HP: 61/61 MP: 6/6
     7 | D        | Reached XP level 7. HP: 67/67 MP: 7/7
     7 | D        | Gained mutation: You have a moderately thin skeletal structure. (Dex +4, Stealth+) [demonic ancestry]
     7 | D        | Reached XP level 8. HP: 73/73 MP: 8/8
     7 | D        | Gained mutation: You are powered by pain. [demonic ancestry]
     7 | D        | Reached XP level 9. HP: 79/79 MP: 9/9
     7 | D        | Gained mutation: You are partially covered in sharp spines. [demonic ancestry]
     7 | D        | Reached XP level 10. HP: 86/86 MP: 10/10
     7 | D        | Reached XP level 11. HP: 92/92 MP: 11/11
     8 | D        | Noticed a bag of meat
     8 | D        | Noticed a bag of meat
     8 | D        | Killed a bag of meat
     8 | D        | Reached * piety under Makhleb
     8 | D        | Reached skill level 10 in Throwing
     8 | D        | Gained mutation: You have a pair of small antennae on your head. [demonic ancestry]
     8 | D        | Reached XP level 12. HP: 81/102 MP: 12/12
     9 | D        | Killed a bag of meat
     9 | D        | Reached XP level 13. HP: 111/111 MP: 13/13
    10 | D        | Killed a bag of meat
    10 | D        | Reached XP level 14. HP: 120/120 MP: 14/14
    10 | D        | Killed a bag of meat
    10 | D        | Reached ** piety under Makhleb
    10 | D        | Killed a bag of meat
    10 | D        | Reached skill level 15 in Fighting
    10 | D        | Gained mutation: You have a pair of antennae on your head. [demonic ancestry]
    10 | D        | Reached XP level 15. HP: 129/129 MP: 15/15
    12 | D        | Reached *** piety under Makhleb
    13 | D        | Reached skill level 15 in Throwing
    13 | D        | Reached XP level 16. HP: 143/143 MP: 16/16
    14 | D        | Reached skill level 27 in Axes
    14 | D        | Reached **** piety under Makhleb
    14 | D        | Reached skill level 1 in Armour
    14 | D        | Reached skill level 27 in Dodging
    15 | D        | Noticed a meat berserker
    15 | D        | Noticed a meat berserker
    16 | D        | Noticed a meat berserker
    16 | D        | Reached XP level 17. HP: 160/160 MP: 17/17
    17 | D        | Noticed a meat berserker
    19 | D        | Killed a meat berserker
    20 | D        | Noticed a meat berserker
    21 | D        | Noticed a large bag of meat
    21 | D        | Reached skill level 27 in Fighting
    21 | D        | Reached skill level 5 in Armour
    21 | D        | Killed a meat berserker
    21 | D        | Reached ***** piety under Makhleb
    21 | D        | Gained mutation: Your flesh is cold resistant. (rC+) [demonic ancestry]
    21 | D        | Reached XP level 18. HP: 182/182 MP: 18/18
    22 | D        | Killed a meat berserker
    22 | D        | Reached skill level 27 in Throwing
    23 | D        | Noticed a meat berserker
    24 | D        | Gained mutation: You have a pair of large antennae on your head. (SInv) [demonic ancestry]
    24 | D        | Reached XP level 19. HP: 189/189 MP: 19/19
    25 | D        | Noticed a large bag of meat
    26 | D        | Noticed a meat berserker
    26 | D        | Killed a meat berserker
    26 | D        | Reached skill level 27 in Armour
    26 | D        | Reached skill level 10 in Stealth
    27 | D        | Noticed a destroyer
    27 | D        | Killed a meat berserker
    27 | D        | Reached XP level 20. HP: 197/197 MP: 19/37
    27 | D        | Killed a meat berserker
    27 | D        | Reached skill level 15 in Unarmed Combat
    27 | D        | Reached skill level 15 in Spellcasting
    28 | D        | Noticed a meat berserker
    28 | D        | Killed a large bag of meat
    28 | D        | Reached ****** piety under Makhleb
    28 | D        | Reached XP level 21. HP: 204/204 MP: 19/42
    29 | D        | Noticed a large bag of meat
    29 | D        | Killed a destroyer
    29 | D        | Reached skill level 27 in Invocations
    30 | D        | Gained mutation: You have an unnaturally thin skeletal structure. (Dex +6, Stealth++) [demonic ancestry]
    30 | D        | Reached XP level 22. HP: 212/212 MP: 19/49
    31 | D        | Noticed a large bag of meat
    31 | D        | Reached skill level 27 in Stealth
    31 | D        | Reached skill level 27 in Unarmed Combat
    31 | D        | Reached skill level 27 in Spellcasting
    32 | D        | Noticed a destroyer
    32 | D        | Reached XP level 23. HP: 219/219 MP: 20/54
    34 | D        | Gained mutation: You are mostly covered in sharp spines. [demonic ancestry]
    34 | D        | Reached XP level 24. HP: 227/227 MP: 20/54
    34 | D        | Killed a large bag of meat
    36 | D        | Noticed a destroyer
    36 | D        | Gained mutation: You are completely covered in sharp spines. [demonic ancestry]
    36 | D        | Reached XP level 25. HP: 234/234 MP: 32/54
    39 | D        | Gained mutation: You are immune to freezing clouds. [demonic ancestry]
    39 | D        | Reached XP level 26. HP: 242/242 MP: 32/54
    39 | D        | Killed a large bag of meat
    40 | D        | Killed a large bag of meat
    41 | D        | Noticed a destroyer
    41 | D        | Noticed a destroyer
    41 | D        | Noticed a destroyer
    42 | D        | Gained mutation: A frigid envelope surrounds you and freezes all who hurt you. [demonic ancestry]
    42 | D        | Reached XP level 27. HP: 249/249 MP: 54/54
    43 | D        | Noticed a destroyer
    44 | D        | Noticed a destroyer
    44 | D        | Noticed a destroyer
    44 | D        | Noticed a large bag of meat
    45 | D        | Noticed a destroyer
    45 | D        | Noticed a destroyer
    46 | D        | Noticed a destroyer
    46 | D        | Noticed a large bag of meat
    46 | D        | Killed a destroyer
    47 | D        | Killed a destroyer
    48 | D        | Noticed a destroyer
    48 | D        | Noticed a large bag of meat
    48 | D        | Killed a destroyer
    48 | D        | Killed a destroyer
    49 | D        | Killed a destroyer
    51 | D        | Killed a destroyer
    51 | D        | Killed a destroyer
    52 | D        | Noticed an accursed
    52 | D        | Killed a destroyer
    52 | D        | Killed a destroyer
    54 | D        | Killed a large bag of meat
    54 | D        | Killed a destroyer
    55 | D        | Noticed a destroyer
    56 | D        | Killed a destroyer
    58 | D        | Killed a large bag of meat
    58 | D        | Killed a large bag of meat
    59 | D        | Noticed a destroyer
    59 | D        | Killed a destroyer
    60 | D        | Noticed an accursed
    61 | D        | Noticed a tyrant
    61 | D        | Noticed a tyrant
    61 | D        | Killed a destroyer
    63 | D        | Noticed an accursed
    63 | D        | Noticed a meat beast
    63 | D        | Noticed a meat beast
    65 | D        | Killed an accursed
    65 | D        | Noticed a meat beast
    66 | D        | Killed a meat beast
    66 | D        | Killed a meat beast
    68 | D        | Noticed a meat beast
    69 | D        | Killed a meat beast
    70 | D        | Noticed a tyrant
    70 | D        | Killed a tyrant
    70 | D        | Killed an accursed
    71 | D        | Noticed a dread
    71 | D        | Noticed a dread
    71 | D        | Killed a destroyer
    72 | D        | Noticed a meat beast
    73 | D        | Killed a tyrant
    74 | D        | Killed a meat beast
    74 | D        | Killed a meat beast
    77 | D        | Noticed a tyrant
    78 | D        | Killed an accursed
    80 | D        | Killed a dread
    86 | D        | Killed a dread
    90 | D        | Noticed a large bag of meat
    91 | D        | Killed a tyrant
    91 | D        | Killed a tyrant
    93 | D        | Noticed an accursed
    99 | D        | Noticed a tyrant
    99 | D        | Killed an accursed
   100 | D        | Noticed a meat beast
   101 | D        | Noticed a dread
   101 | D        | Noticed a tyrant
   101 | D        | Noticed an accursed
   102 | D        | Killed a tyrant
   102 | D        | Killed a large bag of meat
   104 | D        | Killed an accursed
   104 | D        | Killed a meat beast
   107 | D        | Noticed a meat beast
   107 | D        | Noticed an accursed
   108 | D        | Noticed a dread
   108 | D        | Killed a dread
   114 | D        | Killed a meat beast
   116 | D        | Killed an accursed
   121 | D        | Killed from afar by a scourge

Skill      XL: |  1  2  3  4  5  6  7  8  9 10 11 12 13 14 15 16 17 18 19 20 21 22 |
---------------+-------------------------------------------------------------------+-----
Fighting       | 10 12 13 14 15 17 22 27 | 27.0
Axes           | 16 19 20 21 24 26 27 | 27.0
Throwing       | 9 10 11 12 13 15 18 26 27 | 27.0
Dodging        | 16 18 20 21 23 25 27 | 27.0
Armour         | 2 8 21 27 | 27.0
Stealth        | 14 19 25 27 | 27.0
Unarmed Combat | 13 18 23 27 | 27.0
Spellcasting   | 13 17 23 27 | 27.0
Invocations    | 18 23 27 | 27.0

Action                   |  1- 3 |  4- 6 |  7- 9 | 10-12 | 13-15 | 16-18 | 19-21 | 22-24 | 25-27 || total
-------------------------+-------+-------+-------+-------+-------+-------+-------+-------+-------++-------
Melee: Executioner's axe |     1 |       |       |     2 |     4 |     6 |     5 |     6 |    71 ||    95
Invok: Major Destruction |       |       |       |       |       |       |       |       |     3 ||     3
       Greater Servant o |       |       |       |       |       |       |       |       |     2 ||     2
  Use: Potion            |       |       |       |       |       |       |       |       |     2 ||     2
       Scroll            |       |       |       |       |       |       |       |       |     1 ||     1
 Stab: Distracted        |       |       |       |       |       |       |       |     1 |       ||     1
Armor: Leather armour    |       |       |       |       |       |       |       |       |     1 ||     1
Dodge: Dodged            |       |       |       |       |       |     1 |       |       |    11 ||    12
